 Dungeon Crawl Stone Soup version 0.25-a0-108-gda8bd6cf83 (webtiles) character file.

Game seed: 10999195953911956883, levelgen mode: deterministic

25 mortelune the Covered (level 2, 0/22 HPs)
             Began as a Demonspawn Wanderer on Nov 17, 2019.
             Slain by a worm (7 damage)
             ... on level 2 of the Dungeon.
             The game lasted 00:02:21 (1191 turns).

mortelune the Covered (Demonspawn Wanderer)         Turns: 1191, Time: 00:02:22

Health: 0/22       AC:  8    Str: 13    XL:     2   Next: 86%
Magic:  3/3        EV: 10    Int: 10    God:
Gold:   57         SH:  0    Dex: 14    Spells: 3/3 levels left

rFire    . . .     SeeInvis .   i - +0 mace
rCold    . . .     Gourm    +   (no shield)
rNeg     . . .     Faith    .   d - +2 scale mail
rPois    .         Spirit   .   (no helmet)
rElec    .         Reflect  .   (no cloak)
rCorr    .         Harm     .   (no gloves)
MR       .....                  (no boots)
Stlth    ..........             p - amulet of the gourmand
HPRegen  0.07/turn              (no ring)
MPRegen  0.08/turn              (no ring)

@: no status effects
A: repulsion field 1
a: no special abilities


You were on level 2 of the Dungeon.
You were not hungry.

You visited 1 branch of the dungeon, and saw 2 of its levels.

You collected 57 gold pieces.

Inventory:

Hand Weapons
 a - a +0 dagger
 i - a +0 mace (weapon)
Missiles
 c - 6 poisoned darts
 h - 3 javelins (quivered)
Armour
 d - a +2 scale mail (worn)
Jewellery
 p - an amulet of the gourmand (around neck)
Scrolls
 b - 3 scrolls of identify {unknown}
 e - 3 scrolls of enchant armour {unknown}
 k - a scroll of noise {unknown}
 n - a scroll of fog {unknown}
Potions
 g - a potion of haste {unknown}
 j - a potion of ambrosia {unknown}
 l - a potion of cancellation {unknown}
 m - 2 potions of heal wounds {unknown}
 o - a potion of lignification {unknown}
Comestibles
 f - 4 rations


   Skills:
 + Level 1.9 Fighting
 * Level 0.9 Maces & Flails
 + Level 2.3 Armour
   Level 1.0 Shields
 - Level 1.0 Spellcasting
   Level 2.0 Summonings
   Level 1.7 Earth Magic
   Level 1.0 Evocations


You had 3 spell levels left.
You didn't know any spells.
Your spell library contained the following spells:

 Spells                   Type           Power        Failure   Level  Hunger
 Passwall                 Tmut/Erth      #.......     86%         2    ###....
 Poisonous Vapours        Pois/Air       #.....       94%         2    ###....
 Sticks to Snakes         Tmut           #.......     94%         2    ###....
 Swiftness                Chrm/Air       #.......     94%         2    ###....


Dungeon Overview and Level Annotations

Branches:
Dungeon (2/15)

Altars:


Innate Abilities, Weirdness & Mutations

You are surrounded by a mild repulsion field. (EV +2)


Message History

The worm is lightly wounded.
The worm bites you.
You hit the worm.
The worm is lightly wounded.
The worm barely misses you.
You hit the worm.
The worm is moderately wounded.
The worm closely misses you.
Your scale mail prevents you from hitting the worm.
The worm is moderately wounded.
You sock the worm!
The worm is severely wounded.
The worm bites you!
You hit the worm.
The worm is severely wounded.
The worm bites you.
You hit the worm.
The worm is severely wounded.
The worm bites you!
You die...

#..# #..# ....%.. #..##
....... #...# .......
#.#.######### l.....
###.#.##......# ....#
[...#..#......# ....#
.#####.#......####....#
................@w....+
.######.......#.##....#
.# ###.......#.# ....#
+####.........#.# ....#
....#.........#.# ....#
....#....######.# w...#
....#.....#####.# ....#
....#...#.......# ....#
....#...#.......#


You could see a worm.

Vanquished Creatures
  A dart slug (D:1)
  2 leopard geckos (D:2)
  A ball python (D:1)
  2 bats (D:1)
  A giant cockroach (D:2)
  2 goblins (D:1)
  4 hobgoblins (D:1)
  2 kobolds
  2 frilled lizards (D:1)
  2 rats
19 creatures vanquished.

Notes
Turn   | Place    | Note
-------+----------+-------------------------------------------
     0 | D:1      | mortelune the Demonspawn Wanderer began the quest for the
                  | Orb.
     0 | D:1      | mortelune set off with the following items: a +0 dagger, a
                  | +2 scale mail, a ration; and the following spells available
                  | to memorise: Passwall, Poisonous Vapours, Sticks to Snakes,
                  | Swiftness
     0 | D:1      | Reached XP level 1. HP: 15/15 MP: 2/2
   167 | D:1      | Gained mutation: You are surrounded by a mild repulsion
                  | field. (EV +2) [demonic ancestry]
   167 | D:1      | Reached XP level 2. HP: 14/21 MP: 3/3
  1191 | D:2      | Slain by a worm

Levels and vault maps discovered:
D:1:      ebering_hopf_link, layout_basic
D:2:      layout_basic, nicolae_qazlal_eye_of_the_storm, first_ration,
          uniq_crazy_yiuf_cottage, uniq_sigmund

Skill      XL: |  1 |
---------------+----+-----
Armour         | 2 |  2.3
Fighting       | |  1.9
Maces & Flails | |  0.9
Shields        | |  1.0
Spellcasting   | |  1.0
Summonings     | |  2.0
Earth Magic    | |  1.7
Evocations     | |  1.0

Action                   || total
-------------------------++-------
Melee: Dagger            ||    37
       Mace              ||    39
Throw: Javelin           ||     2
  Eat: Chunk             ||     3
Armor: Scale mail        ||    38
Dodge: Dodged            ||    55

Table legend:
 A = Non-vault XP
 B = Vault XP
 C = Vault XP percentage of total XP
 D = Non-vault monster count
 E = Vault monster count
 F = Vault count percentage of total count
                 A         B        C        D         E       F
            +---------+---------+-------+---------+---------+-------
      Total |      37 |       0 |   0.0 |      19 |       0 |   0.0
            +---------+---------+-------+---------+---------+-------
        D:1 |      27 |       0 |   0.0 |      14 |       0 |   0.0
        D:2 |      10 |       0 |   0.0 |       5 |       0 |   0.0
            +---------+---------+-------+---------+---------+-------
